 Dungeon Crawl Stone Soup version 0.29.0-4-gdea44cf6ec (webtiles) character file.

Game seed: 17688168213861295022

25 qw the Chopper (level 3, -2/29 HPs)
             Began as a Barachi Chaos Knight on Sept 6, 2022.
             Slain by an ufetubus (6 damage)
             ... summoned by a ynoxinul
             ... on level 1 of the Abyss.
             The game lasted 00:00:30 (774 turns).

qw the Chopper (Barachi Chaos Knight)                Turns: 774, Time: 00:00:31

Health: -2/29      AC:  5    Str: 15    XL:     3   Next: 6%
Magic:  3/3        EV: 11    Int: 12    God:
Gold:   17         SH:  3    Dex: 11    Spells: 2/2 levels left

rFire   . . .      SeeInvis .   Y - +0 hand axe (chaos)
rCold   . . .      Faith    .   m - +0 buckler
rNeg    . . .      Spirit   .   b - +2 leather armour
rPois   .          Reflect  .   (no helmet)
rElec   .          Harm     .   (no cloak)
rCorr   .          Rampage  .   (no gloves)
Will    .....                   (no boots)
Stlth   +.........              (no amulet)
HPRegen 0.09/turn               (no ring)
MPRegen 0.08/turn               (no ring)

@: slow
A: amphibious, slowness 1, strong legs 1, +LOS
a: Hop


You were on level 1 of the Abyss.
You visited 1 branch of the dungeon, and saw 1 of its levels.
You visited the Abyss 1 time.

You collected 71 gold pieces.
You spent 54 gold pieces at shops.


Innate Abilities, Weirdness & Mutations

You are amphibious.
You cover ground slowly.
You can hop short distances.
You have an extended range of vision and can be seen from far away.


   Skills:
 - Level 3.6 Fighting
 - Level 4.3 Axes
 - Level 1.0 Throwing
 - Level 2.4 Armour
 - Level 1.1 Dodging
 + Level 0.0 Shields


You had 2 spell levels left.
You didn't know any spells.
Your spell library was empty.

Inventory:

Hand Weapons
 g - a +0 club
 Y - a +0 hand axe of chaos (weapon)
Missiles
 i - 10 javelins (quivered)
 l - 5 boomerangs
Armour
 b - a +2 leather armour (worn)
 m - a +0 buckler (worn)
Potions
 e - a potion of heal wounds {unknown}
 h - a potion of magic {unknown}
 j - a potion of mutation {unknown}
Miscellaneous
 c - a piece from Xom's chessboard (15/15)

Dungeon Overview and Level Annotations

Branches:
Dungeon (1/15)

Altars:

Shops:
D:1 [


Message History

As you read the scroll labelled KUWKATEXIS, it crumbles to dust.
It was a scroll of poison.
748 ||| READING scroll labelled LUKOUSHEJI.
As you read the scroll labelled LUKOUSHEJI, it crumbles to dust.
You assume a fearsome visage.
Nothing appears to happen.
It was a scroll of fear.
749 ||| READING scroll labelled ESMONY KUIXZUF.
As you read the scroll labelled ESMONY KUIXZUF, it crumbles to dust.
You hear a loud clanging noise!
It was a scroll of noise.
750 ||| READING scroll labelled QAITIUP CYPHIQUARA.
As you read the scroll labelled QAITIUP CYPHIQUARA, it crumbles to dust.
It is a scroll of identify.
Really abort (and waste the scroll)?
You are suddenly pulled into a different region of the Abyss!
The ynoxinul bellows!
The ynoxinul hits you!
You completely miss the ynoxinul. The ynoxinul misses you.
You hit the ynoxinul.
The ynoxinul is lightly wounded.
The ynoxinul hits you but does no damage.
You closely miss the ynoxinul. The ynoxinul hits you. The ynoxinul hits you!
You hit the ynoxinul.
The ynoxinul is lightly wounded.
The ynoxinul gestures.
You hit the ynoxinul. You burn the ynoxinul.
The ynoxinul is lightly wounded.
You hit the ufetubus.
The ufetubus seems to grow stronger.
The ufetubus barely misses you.
The ufetubus hits you but does no damage.
The ynoxinul barely misses you.
You hit the ufetubus but do no damage.
The ufetubus is poisoned.
The ufetubus is moderately wounded.
You hit the ufetubus.
The ufetubus is poisoned.
You closely miss the ynoxinul. The ufetubus barely misses you.
The ufetubus hits you but does no damage.
The ufetubus hits you.
You die...

##...####
#.......# .
......## .#.
....#..#...#
##....#.....#
#.#.##.#.....
#..####....#.....
#.......555.#
#..#....@#.....#
# ##...#3....#.
##.##..#.## #...
### #.#.. #..#. .
. # .##. #


You could see a ynoxinul and 3 ufetubi.

Vanquished Creatures
  A ball python (D:1)
  3 bats (D:1)
  An endoplasm (D:1)
  5 goblins (D:1)
  3 hobgoblins (D:1)
  3 jackals (D:1)
  2 quokkas (D:1)
  A frilled lizard (D:1)
  2 kobolds (D:1)
21 creatures vanquished.

Notes
Turn   | Place    | Note
-------+----------+-------------------------------------------
     0 | D:1      | qw the Barachi Chaos Knight began the quest for the Orb.
     0 | D:1      | Reached XP level 1. HP: 18/18 MP: 1/1
     0 | D:1      | 0 ||| qw: Version: 0.1-a-108-g9e35731
     0 | D:1      | 0 ||| qw: Game counter: 6206
     0 | D:1      | 0 ||| qw: Always use a shield: true
     0 | D:1      | 0 ||| qw: God list: Okawaru
     0 | D:1      | 0 ||| qw: Allow faded altars: false
     0 | D:1      | 0 ||| qw: Do Orc after D:15 true
     0 | D:1      | 0 ||| qw: Do second Lair branch before Depths: true
     0 | D:1      | 0 ||| qw: Lair rune preference: random
     0 | D:1      | 0 ||| qw: Plans: Normal
     0 | D:1      | 0 ||| PLANNING D:1-11
     0 | D:1      | Fell from the grace of Xom
    56 | D:1      | 56 ||| Stepping ~*~*~tactically~*~*~ (stealth).
    57 | D:1      | 57 ||| Stepping ~*~*~tactically~*~*~ (stealth).
    58 | D:1      | 58 ||| Stepping ~*~*~tactically~*~*~ (stealth).
    60 | D:1      | 60 ||| Stepping ~*~*~tactically~*~*~ (stealth).
    90 | D:1      | 90 ||| Stepping ~*~*~tactically~*~*~ (stealth).
    97 | D:1      | 97 ||| Stepping ~*~*~tactically~*~*~ (stealth).
    98 | D:1      | 98 ||| Stepping ~*~*~tactically~*~*~ (stealth).
   105 | D:1      | 105 ||| Stepping ~*~*~tactically~*~*~ (stealth).
   106 | D:1      | 106 ||| Stepping ~*~*~tactically~*~*~ (stealth).
   107 | D:1      | 107 ||| Stepping ~*~*~tactically~*~*~ (stealth).
   237 | D:1      | 237 ||| Stepping ~*~*~tactically~*~*~ (stealth).
   238 | D:1      | 238 ||| Stepping ~*~*~tactically~*~*~ (stealth).
   243 | D:1      | Reached XP level 2. HP: 23/24 MP: 2/2
   251 | D:1      | 251 ||| Stepping ~*~*~tactically~*~*~ (stealth).
   253 | D:1      | 253 ||| Stepping ~*~*~tactically~*~*~ (stealth).
   255 | D:1      | Reached skill level 4 in Axes
   265 | D:1      | 265 ||| Stepping ~*~*~tactically~*~*~ (stealth).
   267 | D:1      | 267 ||| Stepping ~*~*~tactically~*~*~ (stealth).
   271 | D:1      | 271 ||| Stepping ~*~*~tactically~*~*~ (stealth).
   286 | D:1      | 286 ||| Stepping ~*~*~tactically~*~*~ (stealth).
   289 | D:1      | 289 ||| Stepping ~*~*~tactically~*~*~ (stealth).
   303 | D:1      | 303 ||| Stepping ~*~*~tactically~*~*~ (stealth).
   306 | D:1      | 306 ||| Stepping ~*~*~tactically~*~*~ (stealth).
   335 | D:1      | 335 ||| Stepping ~*~*~tactically~*~*~ (stealth).
   336 | D:1      | 336 ||| Stepping ~*~*~tactically~*~*~ (stealth).
   358 | D:1      | 358 ||| Stepping ~*~*~tactically~*~*~ (stealth).
   406 | D:1      | Found a faded altar of an unknown god.
   546 | D:1      | Reached skill level 1 in Throwing
   547 | D:1      | Reached XP level 3. HP: 29/29 MP: 3/3
   552 | D:1      | Found Loysiu's Armour Boutique.
   560 | D:1      | 560 ||| BUYING +0 buckler (54 gold).
   560 | D:1      | Bought a +0 buckler for 54 gold pieces
   560 | D:1      | 560 ||| SHOPLISTING +0 helmet (54 gold, have 10).
   560 | D:1      | 560 ||| SHOPLISTING +0 leather armour "Coheh" {Int+9 Dex-4
                  | SInv Stlth-} (267 gold, have 10).
   560 | D:1      | 560 ||| SHOPLISTING +0 ring mail (48 gold, have 10).
   560 | D:1      | 560 ||| SHOPLISTING +0 scale mail (48 gold, have 10).
   560 | D:1      | 560 ||| SHOPLISTING +2 scale mail of positive energy (216
                  | gold, have 10).
   560 | D:1      | 560 ||| SHOPLISTING scarf of resistance (384 gold, have
                  | 10).
   715 | Abyss:1  | Cast into level 1 of the Abyss (Xom)
   716 | Abyss:1  | 716 ||| UPGRADING to +0 buckler.
   721 | Abyss:1  | 721 ||| READING scroll labelled PIOF RAPTIUHAF.
   736 | Abyss:1  | 736 ||| Stepping ~*~*~tactically~*~*~ (stealth).
   747 | Abyss:1  | 747 ||| READING scroll labelled KUWKATEXIS.
   748 | Abyss:1  | 748 ||| READING scroll labelled LUKOUSHEJI.
   749 | Abyss:1  | 749 ||| READING scroll labelled ESMONY KUIXZUF.
   750 | Abyss:1  | 750 ||| READING scroll labelled QAITIUP CYPHIQUARA.
   766 | Abyss:1  | Noticed a ynoxinul
   771 | Abyss:1  | HP: 4/29 [ynoxinul (7)]
   774 | Abyss:1  | Slain by an ufetubus

Levels and vault maps discovered:
D:1:      dpeg_arrival_ternary, layout_basic, serial_shops, nicolae_shop_trees,
          hellmonk_ecumenical_altar_lost_god
Abyss:1:  base: D:1, hangedman_steaming_rock

Skill      XL: |  1  2 |
---------------+-------+-----
Axes           | 4 |  4.3
Throwing       | 1 |  1.0
Fighting       | |  3.6
Armour         | |  2.4
Dodging        | |  1.1

Action                   || total
-------------------------++-------
Melee: Hand axe          ||    52
Throw: Javelin           ||    13
Invok: Renounce Religion ||     1
  Use: Scroll            ||     5
Armor: Leather armour    ||    17
Dodge: Dodged            ||    26
Block: Buckler           ||     1

Table legend:
 A = Non-vault XP
 B = Vault XP
 C = Vault XP percentage of total XP
 D = Non-vault monster count
 E = Vault monster count
 F = Vault count percentage of total count
                 A         B        C        D         E       F
            +---------+---------+-------+---------+---------+-------
      Total |      37 |       0 |   0.0 |      21 |       0 |   0.0
            +---------+---------+-------+---------+---------+-------
        D:1 |      37 |       0 |   0.0 |      21 |       0 |   0.0
            +---------+---------+-------+---------+---------+-------
